 Dungeon Crawl Stone Soup version 0.29-a0-477-g62b78b4225 (webtiles) character file.

Game seed: 2420865401003368459

16 Infinimo the Cudgeller (level 2, 0/22 HPs)
             Began as a Demonspawn Gladiator on May 24, 2022.
             Slain by a jackal (2 damage)
             ... on level 1 of the Dungeon.
             The game lasted 00:00:40 (390 turns).

Infinimo the Cudgeller (Demonspawn Gladiator)        Turns: 390, Time: 00:00:41

Health: 0/22       AC:  5    Str: 14    XL:     2   Next: 37%
Magic:  2/2        EV: 12    Int:  9    God:
Gold:   13         SH:  0    Dex: 14    Spells: 1/1 levels left

rFire   . . .      SeeInvis .   a - +0 flail
rCold   . . .      Faith    .   (no shield)
rNeg    . . .      Spirit   .   b - +0 leather armour
rPois   .          Reflect  .   c - +0 helmet
rElec   .          Harm     .   (no cloak)
rCorr   .          Rampage  .   (no gloves)
Will    .....                   (no boots)
Stlth   +.........              (no amulet)
HPRegen 0.07/turn               (no ring)
MPRegen 0.08/turn               (no ring)

@: no status effects
A: sharp scales 1
a: no special abilities


You were on level 1 of the Dungeon.
You visited 1 branch of the dungeon, and saw 1 of its levels.

You collected 13 gold pieces.

Inventory:

Hand Weapons
 a - a +0 flail (weapon)
Missiles
 d - 3 throwing nets (quivered)
 e - a javelin
Armour
 b - a +0 leather armour (worn)
 c - a +0 helmet (worn)
Scrolls
 f - a scroll of enchant weapon {unknown}
 h - a scroll of vulnerability {unknown}
Potions
 g - a potion of attraction {unknown}
 i - a potion of ambrosia {unknown}


   Skills:
 + Level 2.3 Fighting
 * Level 3.1 Maces & Flails
 - Level 1.7 Throwing
 + Level 2.9 Dodging


You had one spell level left.
You didn't know any spells.
Your spell library was empty.

Dungeon Overview and Level Annotations

Branches:
Dungeon (1/15)

Altars:


Innate Abilities, Weirdness & Mutations

You are partially covered in razor-sharp scales. (AC +1, Slay +1)


Message History

You sock the jackal!
You kill the jackal!
The jackal bites you. The jackal bites you. The giant cockroach bites you.
The quokka is moderately wounded.
You sock the quokka!
You kill the quokka!
The jackal bites you. The giant cockroach bites you.
The jackal attacks as you move away! The rat bites you.
The jackal attacks as you move away! The jackal attacks as you move away!
The rat attacks as you move away! The jackal attacks as you move away!
A kobold comes into view. It is wielding a +0 dagger.
The kobold shouts!
The kobold throws a stone.
The kobold throws a stone.
You see here a +0 ring mail.
The kobold hits you with a +0 dagger.
You thump the kobold!
You kill the kobold!
The hobgoblin shouts!
Things that are here:
a +0 dagger; 3 stones The jackal stops to sniff the ground.
The jackal is lightly wounded.
You sock the jackal!
You kill the jackal!
The giant cockroach is heavily wounded.
The giant cockroach is heavily wounded.
The giant cockroach bites you. The jackal bites you.
The giant cockroach bites you.
* * * LOW HITPOINT WARNING * * *
The giant cockroach is heavily wounded.
You kill the giant cockroach!
The hobgoblin hits you.
* * * LOW HITPOINT WARNING * * *
The jackal bites you.
* * * LOW HITPOINT WARNING * * *
The jackal bites you.
You die...

#############.#
#$g@r..[......# ####
#.#h#####.#####
...####
#............#####..
##.....
g>..................#
#.....
...#.##.#####.#.#.#.
#.##.# #..#. #.#
#†#.# ##.##.# #..#
##.# #.#.# ....
...##.# #..#.##.#
#.#.#......
#..##.####.[#.##.#
##.#.#......


You could see a jackal, a hobgoblin and a rat.

Vanquished Creatures
  2 bats (D:1)
  An endoplasm (D:1)
  A giant cockroach (D:1)
  A goblin (D:1)
  A hobgoblin (D:1)
  2 jackals (D:1)
  2 quokkas (D:1)
  2 kobolds (D:1)
  A rat (D:1)
13 creatures vanquished.

Notes
Turn   | Place    | Note
-------+----------+-------------------------------------------
     0 | D:1      | Infinimo the Demonspawn Gladiator began the quest for the
                  | Orb.
     0 | D:1      | Reached XP level 1. HP: 16/16 MP: 1/1
   341 | D:1      | Reached skill level 3 in Maces & Flails
   351 | D:1      | Gained mutation: You are partially covered in razor-sharp
                  | scales. (AC +1, Slay +1) [demonic ancestry]
   351 | D:1      | Reached XP level 2. HP: 22/22 MP: 2/2
   390 | D:1      | Slain by a jackal

Illustrated notes

Levels and vault maps discovered:
D:1:      mrwooster_arrival_statue_3, layout_loops_ring, serial_shops,
          nicolae_shop_stone, minmay_crystal_room, wad_floor_pattern_untrapped,
          columned_hall_lemuel, skrybe_limestone_x, minmay_lizard_pond

Skill      XL: |  1 |
---------------+----+-----
Maces & Flails | 3 |  3.1
Fighting       | |  2.3
Throwing       | |  1.7
Dodging        | |  2.9

Action                   || total
-------------------------++-------
Melee: Flail             ||    37
Armor: Leather armour    ||    30
Dodge: Dodged            ||    47

Table legend: (Time is in decaauts)
 A = Elapsed time spent in this place.
 B = Non-inter-level travel time spent in this place.
 C = Inter-level travel time spent in this place.
 D = Time resting spent in this place.
 E = Time spent auto-exploring this place.
 F = Levels seen in this place.
 G = Mean time per level.
                   A        B        C        D        E       F      G
               +--------+--------+--------+--------+--------+-----+--------+
         Total |    399 |    399 |      0 |      0 |    278 |   1 |  399.0 |
       Dungeon |    399 |    399 |      0 |      0 |    278 |   1 |  399.0 |
               +--------+--------+--------+--------+--------+-----+--------+

Top non-repeatable levels by time:
     D:1: 399 daAuts
